 Dungeon Crawl Stone Soup version 0.20.1-1-g8b1a95d (webtiles) character file.

3312 froobite the Spear-Bearer (level 9, 0/81 HPs)
             Began as a Minotaur Berserker on Aug 1, 2017.
             Was an Elder of Trog.
             Slain by a wight
             ... wielding a cursed +4 battleaxe
              (2 damage)
             ... on level 7 of the Dungeon.
             The game lasted 00:22:47 (4115 turns).

froobite the Spear-Bearer (Minotaur Berserker)      Turns: 4115, Time: 00:22:48

Health: 0/81       AC: 10    Str: 24    XL:     9   Next: 70%
Magic:  8/8        EV: 15    Int:  5    God:    Trog [****..]
Gold:   303        SH:  0    Dex: 13    Spells: 8/8 levels left

rFire    . . .     SeeInvis .   w - +4 halberd
rCold    . . .     Gourm    .   (shield currently unavailable)
rNeg     + . .     Faith    .   t - +0 leather armour
rPois    .         Spirit   .   (helmet restricted)
rElec    .         Reflect  .   i - +2 cloak
rCorr    .         Harm     .   r - +1 pair of gloves {Dex+3}
MR       .....                  (no boots)
Stlth    ++........             (no amulet)
Regen    0.3/turn               f - +2 ring of protection
MPRegen  0.2/turn               h - ring of positive energy

@: berserk cooldown, slowed, drained, very slow
A: retaliatory headbutt, horns 2
a: Berserk, Trog's Hand, Brothers in Arms, Burn Spellbooks, Renounce Religion


You were on level 7 of the Dungeon.
You worshipped Trog.
Trog was greatly pleased with you.
You were not hungry.

You visited 1 branch of the dungeon, and saw 7 of its levels.

You collected 303 gold pieces.

Inventory:

Hand Weapons
 a - a +0 falchion
 g - a +2 vampiric spear
 w - a +4 halberd (weapon)
Missiles
 j - 7 tomahawks (quivered)
Armour
 b - a +0 animal skin
 i - a +2 cloak (worn)
 k - a cursed +0 large shield
 m - a +0 buckler
 r - a +1 pair of gloves of dexterity (worn)
 t - a +0 leather armour (worn)
Jewellery
 f - a +2 ring of protection (left hand)
 h - a ring of positive energy (right hand)
 y - a +4 ring of dexterity {unknown}
Scrolls
 c - 2 scrolls of remove curse
 A - a scroll of identify
Potions
 d - 7 potions of lignification
 e - 2 potions of brilliance
 l - a potion of flight {unknown}
 n - 2 potions of agility {unknown}
 p - a potion of cancellation {unknown}
 q - a potion of curing {unknown}
 s - a potion of might {unknown}
Comestibles
 o - 2 bread rations
 u - a meat ration
 v - 3 fruits


   Skills:
 + Level 8.2(8.0) Fighting
 + Level 4.5(4.3) Long Blades
 + Level 10.5(10.2) Polearms
 + Level 2.7(2.5) Throwing
 + Level 3.7(3.4) Armour
 + Level 6.6(6.4) Dodging
 + Level 1.6(1.4) Stealth
 + Level 4.2(4.0) Shields


You had 8 spell levels left.
You didn't know any spells.

Dungeon Overview and Level Annotations

Branches:
Dungeon (7/15)             Temple (0/1) D:6

Altars:
Gozag
Kikubaaqudgha
Nemelex Xobeh
Trog
Xom


Innate Abilities, Weirdness & Mutations

You reflexively headbutt those who attack you in melee.
You have a pair of horns on your head.


Message History

You kill the steam dragon!
Trog accepts your kill.
Your life force feels restored.
The wight closely misses you. x2; The wight misses you. 2 wights come into view.
You hit the wight.
The wight is lightly damaged.
The wight hits you but does no damage. The wight closely misses you.
The wight misses you.
You're still recovering from your berserk rage.
As you read the scroll of fog, it crumbles to dust.
The scroll dissolves into smoke.
The wight hits you but does no damage. The wight completely misses you.
You furiously retaliate!
You headbutt the wight! The wight hits you but does no damage.
The wight hits you from afar with a halberd.
* * * LOW HITPOINT WARNING * * *
The wight hits you with an enchanted battleaxe!
* * * LOW HITPOINT WARNING * * *
You partially resist.
You feel drained.
You die...

*++#**,,,..#**#.#***,*{#*
*..#*#,*#..####)####.#(***
**
#.###.,,#.......).....(,,*
*,
.^##.#**..#####|####.#.*,*
*, .....# *..#
#...#*#.#,*,* *,
####.###.#*###...##.#,,*,*
*,
........####...§...##*,*,*
**
.......).......§zz..#,**,*
.##########..[.§@zz#.#**,*
## #.##.§§#z#,..,,* #
#.##§..#.#**#..******* #
#.###†##..,,,,.,,,,,,* #
#.##..#*###**,,*****,* *
#.##.## *,,*****,** *
#.##.* *,,,,,,,,,* *
#.*#.* *,******,,* *,*#.*
*,** *,,*


You could see 5 wights.

Vanquished Creatures
  Pikel (D:4)
  The ghost of froobite the Ducker, a novice DrBe of Trog (D:6)
  The ghost of Rhok the Cleaver, a novice MiFi (D:5)
  A steam dragon (D:7)
  Menkaure (D:4)
  A sky beast (D:7)
  A black bear (D:5)
  2 slaves (D:4)
  An ogre (D:6)
  A necrophage (D:5)
  A phantom (D:5)
  3 centaurs
  A bullfrog (D:7)
  A wyvern zombie (D:6)
  A wyvern skeleton (D:4)
  5 wights (D:6)
  3 howler monkeys
  A bullfrog zombie (D:6)
  A jelly (D:4)
  2 orc priests
  7 orc wizards
  An iguana (D:4)
  Natasha (twice) (D:2)
  Terence (D:2)
  3 gnolls (D:4)
  2 howler monkey skeletons (D:5)
  8 adders
  2 shadow imps
  An adder zombie (D:6)
  An ooze (D:5)
  2 worms
  3 dart slugs
  2 leopard geckos
  12 orcs
  2 ball pythons
  3 giant cockroaches
  12 goblins
  4 hobgoblins
  12 jackals
  3 quokkas
  9 bats
  6 frilled lizards
  9 kobolds
  A leopard gecko zombie (D:5)
  A quokka skeleton (D:6)
  10 rats
149 creatures vanquished.

Notes
Turn   | Place    | Note
-------+----------+-------------------------------------------
     0 | D:1      | froobite the Minotaur Berserker began the quest for the Orb.
     0 | D:1      | Reached XP level 1. HP: 19/19 MP: 0/0
   105 | D:1      | Reached XP level 2. HP: 14/27 MP: 1/1
   619 | D:1      | You fall through a shaft!
   643 | D:2      | Reached XP level 3. HP: 29/34 MP: 2/2
   644 | D:2      | Reached skill level 1 in Polearms
   759 | D:2      | Reached ** piety under Trog
   837 | D:2      | Found an opulent altar of Gozag.
   985 | D:2      | Noticed Natasha
   988 | D:2      | Noticed Terence
   999 | D:2      | Killed Terence
   999 | D:2      | Reached skill level 2 in Polearms
   999 | D:2      | Reached XP level 4. HP: 41/41 MP: 3/3
  1007 | D:2      | Killed Natasha
  1062 | D:2      | Noticed Natasha
  1073 | D:2      | Killed Natasha
  1073 | D:2      | Reached skill level 5 in Fighting
  1104 | D:3      | Reached XP level 5. HP: 48/48 MP: 4/4
  1284 | D:3      | Noticed a centaur
  1300 | D:3      | Killed a centaur
  1300 | D:3      | Reached skill level 3 in Polearms
  1473 | D:3      | Reached XP level 6. HP: 42/56 MP: 5/5
  1611 | D:3      | Found an ancient bone altar of Kikubaaqudgha.
  1700 | D:3      | Reached *** piety under Trog
  1806 | D:4      | Reached skill level 4 in Polearms
  1815 | D:4      | Reached skill level 1 in Shields
  1832 | D:4      | Reached XP level 7. HP: 33/63 MP: 6/6
  1916 | D:4      | Noticed a moth of wrath
  1974 | D:4      | Noticed Menkaure
  1990 | D:4      | HP: 3/63 [Menkaure (4)]
  1992 | D:4      | Killed Menkaure
  1992 | D:4      | Reached skill level 5 in Polearms
  2260 | D:4      | Noticed Pikel
  2278 | D:4      | Killed Pikel
  2278 | D:4      | Reached skill level 7 in Polearms
  2278 | D:4      | Reached skill level 1 in Throwing
  2278 | D:4      | Reached skill level 5 in Dodging
  2278 | D:4      | Reached XP level 8. HP: 44/71 MP: 7/7
  2379 | D:4      | Found a shimmering altar of Xom.
  2526 | D:4      | Found a bloodstained altar of Trog.
  2613 | D:5      | Entered Level 5 of the Dungeon
  2727 | D:5      | Reached skill level 1 in Stealth
  2801 | D:5      | Noticed Rhok's ghost (novice MiFi)
  2811 | D:5      | Killed Rhok's ghost
  2811 | D:5      | Reached skill level 8 in Polearms
  3025 | D:5      | Found a sparkling altar of Nemelex Xobeh.
  3057 | D:5      | Reached skill level 9 in Polearms
  3350 | D:6      | Noticed froobite's ghost (novice DrBe)
  3365 | D:6      | Killed froobite's ghost
  3365 | D:6      | Reached XP level 9. HP: 53/81 MP: 8/8
  3450 | D:6      | Reached **** piety under Trog
  3842 | D:6      | Reached skill level 10 in Polearms
  3905 | D:6      | Found a staircase to the Ecumenical Temple.
  4012 | D:7      | Identified a scroll of acquirement
  4115 | D:7      | HP: 2/81 [wight/enchanted battleaxe (16)]
  4115 | D:7      | Slain by a wight

Skill      XL: |  1  2  3  4  5  6  7  8  9 |
---------------+----------------------------+-----
Fighting       | 4 5 6 7 8 |  8.2
Long Blades    | 4 |  4.5
Polearms       | 2 3 4 7 9 10 | 10.5
Dodging        | 3 4 5 6 |  6.6
Shields        | 1 2 3 4 |  4.2
Throwing       | 1 2 |  2.7
Stealth        | 1 |  1.6
Armour         | 3 |  3.7

Action                   |  1- 3 |  4- 6 |  7- 9 || total
-------------------------+-------+-------+-------++-------
Melee: Falchion          |    17 |       |       ||    17
       Headbutt          |    11 |    11 |    44 ||    66
       Spear             |    58 |    88 |   197 ||   343
       Halberd           |       |       |    38 ||    38
Throw: Tomahawk          |       |     4 |    12 ||    16
Invok: Berserk           |     1 |     2 |     5 ||     8
       Trog's Hand       |       |       |     1 ||     1
  Use: Scroll            |     3 |     5 |     7 ||    15
  Eat: Bread ration      |     1 |       |     1 ||     2
       Chunk             |       |     4 |     5 ||     9
       Meat ration       |       |       |     1 ||     1
Armor: Animal skin       |    49 |    29 |     9 ||    87
       Leather armour    |       |       |    40 ||    40
Dodge: Dodged            |    87 |    73 |   138 ||   298
Block: Buckler           |     2 |    17 |    18 ||    37
       Rpst.: Falchion   |     5 |       |       ||     5
